 Dungeon Crawl Stone Soup version 0.19.1 (webtiles) character file.

46 XO4YCPATb the Grave Robber (level 3, 12/24 HPs)
             Began as a Demonspawn Necromancer on Dec 16, 2016.
             Quit the game on level 2 of the Dungeon.
             The game lasted 00:04:06 (1413 turns).

XO4YCPATb the Grave Robber (Demonspawn Necromancer) Turns: 1413, Time: 00:04:07

Health: 12/24      AC:  2    Str:  8    XL:     3   Next: 44%
Magic:  3/6        EV: 14    Int: 17    God:
Gold:   68         SH:  0    Dex: 13    Spells: 3 memorised, 2 levels left

rFire  . . .     SeeInvis .     h - +0 club
rCold  . . .     Gourm    .     a - +0 robe
rNeg   . . .     Faith    .     (no shield)
rPois  .         Spirit   .     (no helmet)
rElec  .         Reflect  .     (no cloak)
rCorr  .         Harm     .     (no gloves)
MR     .....                    (no boots)
Stlth  ++........               (no amulet)
                                (no ring)
                                (no ring)

@: no status effects
A: repulsion field 1, demonic guardian 1
a: no special abilities


You were on level 2 of the Dungeon.
You were hungry.

You visited 1 branch of the dungeon, and saw 2 of its levels.

You collected 68 gold pieces.

Inventory:

Hand Weapons
 h - a +0 club (weapon)
Armour
 a - a +0 robe (worn)
Scrolls
 f - 3 scrolls of immolation {unknown}
 i - a scroll of teleportation {unknown}
 j - a scroll of enchant weapon {unknown}
 l - 2 scrolls of identify {unknown}
 n - 2 scrolls of fog {unknown}
Potions
 d - 2 potions of agility {unknown}
 e - a potion of might {unknown}
 g - 2 potions of curing {unknown}
 m - a potion of mutation {unknown}
 o - 2 potions of magic {unknown}
Books
 b - a book of Necromancy

   Spells                             Type                      Level
   a - Pain                           Necromancy                   1
   b - Animate Skeleton               Necromancy                   1
   c - Vampiric Draining              Necromancy                   3
   d - Regeneration                   Charms/Necromancy            3
   e - Animate Dead                   Necromancy                   4
   f - Control Undead                 Necromancy                   4
Comestibles
 c - 5 bread rations
 k - a chunk of flesh


   Skills:
 * Level 1.7 Maces & Flails
 - Level 1.7 Dodging
 - Level 1.7 Stealth
 + Level 2.5 Spellcasting
 * Level 4.7 Necromancy


You had 2 spell levels left.
You knew the following spells:

 Your Spells              Type           Power        Failure   Level  Hunger
a - Pain                  Necr           ###.         2%          1    #......
b - Animate Skeleton      Necr           N/A          2%          1    #......
c - Regeneration          Chrm/Necr      ##........   21%         3    ###....


Dungeon Overview and Level Annotations

Branches:
Dungeon (2/15)

Altars:


Innate Abilities, Weirdness & Mutations

You are surrounded by a mild repulsion field. (EV +2)
A weak demonic guardian rushes to your aid.


Message History

Aiming: Pain
Press: ? - help, Shift-Dir - straight line, f/p - worm
Aim: a worm (moderately wounded, chance to defeat MR: 84%)
The worm writhes in agony!
Casting: Pain
Confirm with . or Enter, or press ? or * to list all spells.
Aiming: Pain
Press: ? - help, Shift-Dir - straight line, f/p - worm
Aim: a worm (heavily wounded, chance to defeat MR: 84%)
The worm barely resists.
Casting: Pain
Confirm with . or Enter, or press ? or * to list all spells.
Aiming: Pain
Press: ? - help, Shift-Dir - straight line, f/p - worm
Aim: a worm (heavily wounded, chance to defeat MR: 84%)
The worm writhes in agony!
Casting: Pain
Confirm with . or Enter, or press ? or * to list all spells.
Okay, then.
Are you sure you want to abandon this character and quit the game? (Confirm with "yes".)

#..#..#.#
#..#..#.#
#..#..#.#
#..#..#.#
#.w#..#.#
#..#..#.#
#..#.<#.#
#..#.##.#
########..#.@..#
#.........######
#.#######.#
#.#######.#
#.........#
###########


There were no monsters in sight!

Vanquished Creatures
  2 oozes (D:1)
  A dart slug (D:2)
  A leopard gecko (D:1)
  5 goblins (D:1)
  6 hobgoblins
  3 jackals (D:1)
  A kobold (D:2)
  A ball python (D:1)
  2 bats (D:1)
  2 frilled lizards (D:1)
  4 rats (D:1)
28 creatures vanquished.

Vanquished Creatures (collateral kills)
  A hobgoblin (D:1)
  A jackal (D:1)
  2 kobolds (D:1)
4 creatures vanquished.

Grand Total: 32 creatures vanquished

Notes
Turn   | Place    | Note
-------+----------+-------------------------------------------
     0 | D:1      | XO4YCPATb the Demonspawn Necromancer began the quest for the Orb.
     0 | D:1      | Reached XP level 1. HP: 13/13 MP: 3/3
    25 | D:1      | Learned a level 1 spell: Animate Skeleton
   144 | D:1      | Gained mutation: A weak demonic guardian rushes to your aid. [demonic ancestry]
   144 | D:1      | Reached XP level 2. HP: 16/19 MP: 1/5
   167 | D:1      | Reached skill level 1 in Maces & Flails
   804 | D:1      | Gained mutation: You are surrounded by a mild repulsion field. (EV +2) [demonic ancestry]
   804 | D:1      | Reached XP level 3. HP: 24/24 MP: 4/6
  1141 | D:1      | Learned a level 3 spell: Regeneration
  1413 | D:2      | Quit the game

Skill      XL: |  1  2 |
---------------+-------+-----
Maces & Flails | 1 |  1.7
Dodging        | |  1.7
Stealth        | |  1.7
Spellcasting   | |  2.5
Necromancy     | |  4.7

Action                   || total
-------------------------++-------
Melee: Club              ||    36
       Unarmed           ||     1
 Cast: Pain              ||    54
       Animate Skeleton  ||    15
  Eat: Chunk             ||     2
Armor: Robe              ||    12
Dodge: Dodged            ||    41
